 Dungeon Crawl Stone Soup version 0.17-a0-1382-gc46a074 (webtiles) character file.

163 ololoev the Caller (level 5, -4/35 HPs)
             Began as a Mummy Summoner on June 15, 2015.
             Slain by an ogre
             ... wielding a +0 giant club
              (26 damage)
             ... on level 3 of the Dungeon.
             The game lasted 00:11:55 (3101 turns).

ololoev the Caller (Mummy Summoner)                 Turns: 3101, Time: 00:11:55

Health: -4/35      AC:  5    Str: 11    XL:     5   Next: 20%
Magic:  16/19      EV: 12    Int: 16    God:
Gold:   107        SH:  0    Dex: 12    Spells: 3 memorised, 4 levels left

rFire  x . .     SeeInvis .     g - +0 dagger (elec)
rCold  + . .     Clarity  .     a - +0 robe
rNeg   + + +     SustAt   .     (no shield)
rPois  ∞         Gourm    .     c - +1 helmet
rElec  .         Spirit   .     (no cloak)
rCorr  .         Warding  .     (no gloves)
rMut   .         Stasis   .     f - +0 pair of boots
MR     .....                    (no amulet)
Stlth  ++........               (no ring)
                                d - ring of magical power

@: not resistant to hostile enchantments, unstealthy
A: no food or potions, fire vulnerability, cold resistance 1, negative energy
resistance 3, torment resistance, unbreathing
a: no special abilities


Innate Abilities, Weirdness & Mutations

You do not eat or drink.
Your flesh is vulnerable to fire.
You are immune to poison.
Your flesh is cold resistant.
You are immune to negative energy.
You are immune to unholy pain and torment.
You can survive without breathing.

Inventory:

Hand weapons
 g - a +0 dagger of electrocution (weapon)
Armour
 a - a +0 robe (worn)
 c - a +1 helmet (worn)
 f - a +0 pair of boots (worn)
Jewellery
 d - a ring of magical power (left hand)
Scrolls
 e - a scroll of enchant armour {unknown}
 h - 3 scrolls of teleportation {unknown}
 i - 3 scrolls of identify {unknown}
 k - a scroll of recharging {unknown}
Books
 b - a book of Callings

   Spells                             Type                      Level
   a - Summon Small Mammal            Summoning                    1
   b - Call Imp                       Summoning                    2
   c - Call Canine Familiar           Summoning                    3
   d - Summon Guardian Golem          Hexes/Summoning              3
   e - Summon Lightning Spire         Summoning/Air                4
   f - Summon Ice Beast               Ice/Summoning                4
 j - a book of Beasts

   Spells                             Type                      Level
   a - Summon Butterflies             Summoning                    1
   b - Call Canine Familiar           Summoning                    3
   c - Summon Ice Beast               Ice/Summoning                4
   d - Summon Mana Viper              Hexes/Summoning              5
   e - Summon Hydra                   Summoning                    7


   Skills:
 - Level 1.5 Dodging
 - Level 1.5 Stealth
 + Level 3.4 Spellcasting
 * Level 4.7 Summonings


You had 4 spell levels left.
You knew the following spells:

 Your Spells              Type           Power        Failure   Level  Hunger
a - Summon Small Mammal   Summ           ###.         2%          1    N/A
b - Call Imp              Summ           ###.....     4%          2    N/A
c - Call Canine Familiar  Summ           ###.....     10%         3    N/A


You were on level 3 of the Dungeon.
You were not hungry.

You visited 1 branch of the dungeon, and saw 3 of its levels.

You collected 107 gold pieces.

##...#.............##....^.
#....#...#................
###.....#####.#...######..
##.#....# #....## ###
#.#.##.# ##...########.
#..÷##.###.....#.......
###!.........#.#....###
#............#....###
#...@.h.....)........
#..O####..#.#........
#.#g#####...##...##..
#.....# ##..#.....###
#....>....##...........
#.........##...########
#.........##...# #
#.........##...# #
#.........##...#######

Notes
Turn   | Place    | Note
--------------------------------------------------------------
     0 | D:1      | ololoev the Mummy Summoner began the quest for the Orb.
     0 | D:1      | Reached XP level 1. HP: 13/13 MP: 3/3
   668 | D:1      | Reached XP level 2. HP: 19/19 MP: 5/5
   691 | D:1      | Learned a level 2 spell: Call Imp
  1747 | D:2      | Reached XP level 3. HP: 24/24 MP: 7/7
  1757 | D:2      | Learned a level 3 spell: Call Canine Familiar
  1833 | D:2      | Found an iron altar of Okawaru.
  1845 | D:2      | Reached skill level 4 in Summonings
  1949 | D:2      | Reached XP level 4. HP: 17/30 MP: 8/8
  2401 | D:2      | Noticed Ijyb
  2406 | D:2      | Killed Ijyb
  2595 | D:3      | Reached XP level 5. HP: 31/35 MP: 9/9
  3094 | D:3      | Noticed an ogre
  3101 | D:3      | Slain by an ogre

Dungeon Overview and Level Annotations

Branches:
Dungeon (3/15)

Altars:
Okawaru


Message History

No target in view!
Things that are here:
a dagger; a kobold corpse A goblin comes into view.
It is wielding a dagger.
A goblin is nearby!
You see here a club.
The goblin shouts!
You hit the goblin.
The goblin is almost dead.
The goblin hits you but does no damage.
You hit the goblin but do no damage.
The goblin is almost dead.
The goblin closely misses you.
You hit the goblin.
You kill the goblin!
No target in view!
No target in view!
No target in view!
No target in view!
No target in view!
No target in view!
No target in view!
No target in view!
No target in view!
No target in view!
No target in view!
Items here: ( )) † a dagger; a hunting sling; 14 sling bullets; a goblin corpse A goblin comes into view.
A goblin is nearby!
An ogre comes into view. It is wielding a giant club.
The ogre shouts!
The goblin shouts!
You hit the ogre but do no damage. The ogre hits you with a giant club!
You hit the ogre.
The ogre is lightly wounded.
Casting: Call Canine Familiar
Confirm with . or Enter, or press ? or * to list all spells.
The ogre hits you with a giant club!!
Ouch! That really hurt!
You die...

You could see an ogre, a goblin and a friendly hound.

Vanquished Creatures
  Ijyb (D:2)
  6 adders
  2 oozes (D:2)
  2 worms (D:3)
  3 giant geckos
  An orc (D:1)
  5 bats
  4 giant cockroaches
  7 hobgoblins
  2 jackals (D:2)
  6 kobolds
  A quokka (D:2)
  A ball python (D:1)
  6 giant newts
  8 goblins
  6 rats
61 creatures vanquished.

Vanquished Creatures (collateral kills)
  A bat (D:1)
  2 goblins (D:1)
  A hobgoblin (D:1)
  A giant gecko (D:2)
  A kobold (D:1)
6 creatures vanquished.

Grand Total: 67 creatures vanquished

Action                   |  1- 3 |  4- 6 || total
-------------------------+-------+-------++-------
Melee: Dagger            |   111 |    87 ||   198
       Unarmed           |     1 |       ||     1
 Cast: Summon Small Mamm |    14 |       ||    14
       Call Imp          |     5 |       ||     5
       Call Canine Famil |       |     2 ||     2
 Stab: Sleeping          |     3 |     7 ||    10
       Distracted        |     1 |       ||     1

Vault maps used:
D:1:      dpeg_arrival_leaves_temple_mockup, corexii_corridor_pit,
          minmay_misc_feat_rugged, patterned_corridor
D:2:      okawaru_ov_weapons_minmay, uniq_iyjb
